 Dungeon Crawl Stone Soup version 0.19-a0-1907-gcff654f (webtiles) character file.

28 Disciple the Conjurer (level 2, -1/20 HPs)
             Began as a Draconian Conjurer on Oct 22, 2016.
             Slain by a goblin
             ... wielding a +4 dagger of venom
             ... led by Robin
              (3 damage)
             ... on level 2 of the Dungeon.
             The game lasted 00:01:51 (922 turns).

Disciple the Conjurer (Draconian Conjurer)           Turns: 922, Time: 00:01:52

Health: -1/20      AC:  4    Str: 10    XL:     2   Next: 96%
Magic:  1/5        EV: 12    Int: 15    God:
Gold:   28         SH:  0    Dex: 11    Spells: 2 memorised, 3 levels left

rFire  . . .     SeeInvis .     d - +0 short sword
rCold  . . .     Gourm    .     (armour unavailable)
rNeg   . . .     Faith    .     (no shield)
rPois  .         Spirit   .     (helmet restricted)
rElec  .         Reflect  .     (no cloak)
rCorr  .         Harm     .     (no gloves)
MR     .....                    (no boots)
Stlth  ++........               (no amulet)
                                (no ring)
                                (no ring)

@: lethally poisoned (-1 -> -14)
A: unfitting armour, cold-blooded, AC +4
a: no special abilities


You were on level 2 of the Dungeon.
You were not hungry.

You visited 1 branch of the dungeon, and saw 2 of its levels.

You collected 28 gold pieces.

Inventory:

Hand Weapons
 d - a +0 short sword (weapon)
Missiles
 h - 3 needles of sleeping
Scrolls
 e - a scroll of identify {unknown}
 g - a scroll of teleportation {unknown}
 k - a scroll of immolation {unknown}
 l - a scroll of remove curse {unknown}
Potions
 f - a potion of degeneration {unknown}
 i - a potion of heal wounds {unknown}
 m - a potion of cancellation {unknown}
Books
 a - a book of Conjurations

   Spells                             Type                      Level
   a - Magic Dart                     Conjuration                  1
   b - Searing Ray                    Conjuration                  2
   c - Dazzling Spray                 Conjuration/Hexes            3
   d - Fulminant Prism                Conjuration/Hexes            4
   e - Iskenderun's Mystic Blast      Conjuration                  4
   f - Iskenderun's Battlesphere      Conjuration/Charms           5
Comestibles
 b - a bread ration
 c - 5 fruits
 j - 3 chunks of flesh


   Skills:
 - Level 1.7 Dodging
 - Level 1.7 Stealth
 + Level 2.6 Spellcasting
 - Level 4.5 Conjurations


You had 3 spell levels left.
You knew the following spells:

 Your Spells              Type           Power        Failure   Level  Hunger
a - Magic Dart            Conj           ###.         3%          1    #......
b - Searing Ray           Conj           ###...       6%          2    ###....


Dungeon Overview and Level Annotations

Branches:
Dungeon (2/15)

Altars:

Annotations:
D:2 Robin


Innate Abilities, Weirdness & Mutations

Your plain brown scales are hard. (AC +4)
You cannot fit into any form of body armour.
You are cold-blooded and may be slowed by cold attacks.


Message History

The searing ray misses the goblin. x2; The searing ray hits the goblin.
You kill the goblin!
The hobgoblin shouts!
You feel sick. The goblin barely misses you.
The goblin hits you with a dagger of venom.
You are lethally poisoned!
Robin throws the goblin at you! The goblin closely misses you.
The hobgoblin hits you but does no damage.
The searing ray hits the goblin.
You kill the goblin!
You feel sick.
The goblin hits you with a dagger of venom.
* * * LOW HITPOINT WARNING * * *
The goblin hits you but does no damage. The hobgoblin barely misses you.
The searing ray hits the goblin.
You kill the goblin!
* * * LOW HITPOINT WARNING * * *
You feel sick.
The goblin hits you with a dagger of venom.
You die... ..######.. #.##...>.# .... ......# #.g# ......# ..g# ......# gg. ##... ......# gg#

.....# ......# #.##..#..
......# #†g#....##
......###### #@g#..#..#
...........######.g.......
.........#....##......###
......##..###.##......####.
###.#####..............>..?
#................#.######
#..#.....####.#.##.# ..
#.###.###..#.# ## .##..
##..##....#


You could see Robin, 3 hobgoblins and 5 goblins.

Vanquished Creatures
  A dart slug (D:1)
  6 bats
  2 giant cockroaches (D:1)
  2 hobgoblins
  2 jackals (D:1)
  6 kobolds
  A frilled lizard (D:1)
  3 goblins (D:2)
23 creatures vanquished.

Notes
Turn   | Place    | Note
-------+----------+-------------------------------------------
     0 | D:1      | Disciple the Draconian Conjurer began the quest for the Orb.
     0 | D:1      | Reached XP level 1. HP: 14/14 MP: 3/3
   271 | D:1      | Reached XP level 2. HP: 20/20 MP: 1/5
   362 | D:1      | Learned a level 2 spell: Searing Ray
   917 | D:2      | Noticed Robin
   922 | D:2      | Slain by a goblin

Vault maps used:
D:1:      dpeg_arrival_orchard, dk_noncrumbling_3
D:2:      uniq_robin, uniq_sigmund

Action                   || total
-------------------------++-------
Melee: Short sword       ||    64
       Unarmed           ||     2
       Tailslap          ||     4
 Cast: Magic Dart        ||     6
       Searing Ray       ||     1
 Stab: Sleeping          ||     3
Armor: Skin              ||    34
Dodge: Dodged            ||    57
